 Dungeon Crawl Stone Soup version 0.28-a0-8-g6e044cfa68 (webtiles) character file.

Game seed: 16119237886862947679

294 Leeroy the Gusty (level 6, 0/32 HPs)
             Began as a Tengu Air Elementalist on July 24, 2021.
             Was an Initiate of Vehumet.
             Killed from afar by a hobgoblin (10 damage)
             ... with a puff of flame
             ... on level 4 of the Dungeon.
             The game lasted 00:08:48 (5696 turns).

Leeroy the Gusty (Tengu Air Elementalist)           Turns: 5696, Time: 00:08:49

Health: 0/32       AC:  2    Str:  9    XL:     6   Next: 34%
Magic:  10/10      EV: 14    Int: 17    God:    Vehumet [......]
Gold:   55         SH:  0    Dex: 14    Spells: 1/9 levels left

rFire   . . .      SeeInvis .   i - staff of air
rCold   . . .      Faith    .   (no shield)
rNeg    . . .      Spirit   .   a - +0 robe
rPois   .          Reflect  .   (helmet restricted)
rElec   +          Harm     .   (no cloak)
rCorr   .          Rampage  .   (no gloves)
Will    .....                   (boots unavailable)
Stlth   ++........              (no amulet)
HPRegen 0.10/turn               (no ring)
MPRegen 0.12/turn               (no ring)

@: flying quickly and evasively, quick
A: beak, talons 3, nimble flight
a: Renounce Religion


You were on level 4 of the Dungeon.
You worshipped Vehumet.
Vehumet was noncommittal.
You visited 2 branches of the dungeon, and saw 5 of its levels.

You collected 55 gold pieces.

Inventory:

Hand Weapons
 f - a +0 dagger
 j - a +0 great mace
Missiles
 c - 6 poisoned darts
Armour
 a - a +0 robe (worn)
Magical Staves
 i - a staff of air (weapon)
 l - a staff of cold
 r - a staff of death
Scrolls
 b - a scroll of brand weapon {unknown}
 d - 2 scrolls of amnesia {unknown}
 e - 4 scrolls of teleportation {unknown}
 m - a scroll of identify {unknown}
 o - 2 scrolls of noise {unknown}
 p - a scroll of fear {unknown}
 u - a scroll of enchant weapon {unknown}
Potions
 g - a potion of lignification {unknown}
 h - 3 potions of might {unknown}
 k - 2 potions of mutation {unknown}
 n - a potion of magic {unknown}
 q - 2 potions of flight {unknown}
 s - a potion of degeneration {unknown}
 t - a potion of attraction {unknown}


   Skills:
 - Level 2.1 Dodging
 - Level 2.0 Stealth
 - Level 2.0 Spellcasting
 - Level 5.1 Conjurations
 + Level 7.5 Air Magic


You had one spell level left.
You knew the following spells:

 Your Spells              Type           Power      Damage    Failure   Level
a - Shock                 Conj/Air       100%       1d9       1%          1
b - Airstrike             Air            20%        N/A       9%          4
c - Swiftness             Air            41%        N/A       2%          3

Your spell library contained the following spells:

 Spells                   Type           Power      Damage    Failure   Level
 Static Discharge         Conj/Air       34%        N/A       2%          2
 Leda's Liquefaction      Hex/Erth       0%         N/A       88%         4
 Bolt of Magma            Conj/Fire/Erth 3%         4d5       95%         5
 Statue Form              Tmut/Erth      0%         N/A       100%        6


Dungeon Overview and Level Annotations

Branches:
Dungeon (4/15)             Temple (1/1) D:4

Altars:
Ashenzari
Cheibriados
Dithmenos
Elyvilon
Fedhas
Makhleb
Okawaru
Vehumet
Wu Jian
Xom
Yredelemnul
The Shining One


Innate Abilities, Weirdness & Mutations

You have a beak for a mouth.
You have claws for feet.
Your magical nature lets you fly swiftly and evasively.


Message History

You feel a surge of power!
The zap hits the goblin.
You kill the goblin!
Vehumet accepts your kill.
Unknown command.
You hit the water moccasin skeleton.
The water moccasin skeleton is almost destroyed.
The water moccasin skeleton bites you.
You barely miss the water moccasin skeleton.
Your peck misses the water moccasin skeleton.
The water moccasin skeleton is almost destroyed.
You closely miss the hobgoblin. The giant cockroach closely misses you.
The hobgoblin zaps a wand.
The puff of flame hits you.
You hit the hobgoblin but do no damage. Your peck misses the hobgoblin.
The giant cockroach bites you but does no damage.
The water moccasin skeleton closely misses you.
The hobgoblin closely misses you. The giant cockroach barely misses you.
The hobgoblin closely misses you. The giant cockroach barely misses you.
The giant cockroach completely misses you.
The hobgoblin zaps a wand.
The puff of flame hits you! The giant cockroach barely misses you.
You hit the giant cockroach. Your peck misses the giant cockroach.
The giant cockroach is moderately wounded.
The giant cockroach closely misses you.
You hit the giant cockroach but do no damage.
The giant cockroach is moderately wounded.
The giant cockroach completely misses you.
The giant cockroach waves its antennae.
The giant cockroach barely misses you.
You hit the giant cockroach but do no damage.
You claw the giant cockroach.
You kill the giant cockroach!
Vehumet accepts your kill. The hobgoblin hits you.
You barely miss the hobgoblin.
The hobgoblin hits you but does no damage.
You hit the hobgoblin but do no damage. You claw the hobgoblin.
The hobgoblin is lightly wounded.
The hobgoblin zaps a wand.
The puff of flame hits you!
You die...

##.....###
#........# ##...##
##....##### .#..#
#.....# <......##
##.#.).# ......##
##..##..# ......
#####..##...#
......##.....###.#.#
......#..#..## #.###
.........#...###@#
#?...###...##g#
#............Z##
#...#?....#.....#
....# #.g>..###..<#
... #.....#.....# #
..:...........#
#....###)......#
.......#........#


You could see a hobgoblin and a water moccasin skeleton.

Vanquished Creatures
  Natasha (thrice) (D:2)
  Robin (D:3)
  7 gnolls
  4 adders (D:2)
  2 worms (D:2)
  3 dart slugs
  9 orcs (D:3)
  6 ball pythons
  4 endoplasms
  6 giant cockroaches
  14 goblins
  10 hobgoblins
  4 jackals
  4 kobolds
  A quokka (D:1)
  2 frilled lizards
  5 rats
85 creatures vanquished.

Notes
Turn   | Place    | Note
-------+----------+-------------------------------------------
     0 | D:1      | Leeroy the Tengu Air Elementalist began the quest for the
                  | Orb.
     0 | D:1      | Reached XP level 1. HP: 10/10 MP: 4/4
   135 | D:1      | Reached XP level 2. HP: 6/15 MP: 0/6
  1197 | D:2      | Noticed Natasha
  1202 | D:2      | Killed Natasha
  1203 | D:2      | Reached XP level 3. HP: 18/19 MP: 5/7
  1613 | D:2      | Reached skill level 5 in Conjurations
  1613 | D:2      | Reached XP level 4. HP: 20/24 MP: 5/8
  1621 | D:2      | Learned a level 4 spell: Airstrike
  1845 | D:2      | Noticed Natasha
  1861 | D:2      | Killed Natasha
  1862 | D:2      | Reached skill level 5 in Air Magic
  2068 | D:2      | Gained mutation: Your magical nature lets you fly swiftly
                  | and evasively. [Tengu growth]
  2068 | D:2      | Reached XP level 5. HP: 24/28 MP: 6/9
  2367 | D:2      | Learned a level 3 spell: Swiftness
  3025 | D:2      | Reached skill level 6 in Air Magic
  3100 | D:2      | Noticed Natasha
  3107 | D:2      | Killed Natasha
  3769 | D:3      | Found a large runed translucent door.
  3870 | D:3      | Found a large runed translucent door.
  3989 | D:3      | Reached XP level 6. HP: 22/32 MP: 7/10
  4151 | D:3      | Noticed Robin
  4684 | D:3      | Reached skill level 7 in Air Magic
  5051 | D:3      | Killed Robin
  5183 | D:3      | Found a glowing golden altar of the Shining One.
  5195 | D:3      | Found a shimmering altar of Xom.
  5528 | D:4      | Found a staircase to the Ecumenical Temple.
  5543 | Temple   | Entered the Ecumenical Temple
  5651 | Temple   | Became a worshipper of Vehumet
  5696 | D:4      | Killed from afar by a hobgoblin

Illustrated notes

Levels and vault maps discovered:
D:1:      psy_arrival_radial01, layout_loops_ring
D:2:      layout_loops_corners, cheibrodos_gnoll_hut, uniq_natasha
D:3:      layout_loops_corners, jmf_multi_god_temple2, uniq_robin
D:4:      layout_rooms, lemuel_tele_altar, minmay_temple_entry_tees,
          ebering_ghost_rock_garden, kennysheep_generic_room_7
Temple:   compressed_dpeg_circular_temple

Skill      XL: |  1  2  3  4  5  6 |
---------------+-------------------+-----
Conjurations   | 2 4 5 |  5.1
Air Magic      | 5 6 7 |  7.5
Dodging        | |  2.1
Stealth        | |  2.0
Spellcasting   | |  2.0

Action                   |  1- 3 |  4- 6 || total
-------------------------+-------+-------++-------
Melee: Unarmed           |    13 |       ||    13
       Peck              |    10 |     8 ||    18
       Kick              |    11 |    27 ||    38
       Staff             |    28 |   106 ||   134
       Dagger            |     7 |       ||     7
 Cast: Shock             |    18 |    48 ||    66
       Airstrike         |       |     4 ||     4
 Stab: Sleeping          |     7 |     8 ||    15
Armor: Robe              |     8 |    19 ||    27
Dodge: Dodged            |    42 |   117 ||   159

Table legend: (Time is in decaauts)
 A = Elapsed time spent in this place.
 B = Non-inter-level travel time spent in this place.
 C = Inter-level travel time spent in this place.
 D = Time resting spent in this place.
 E = Time spent auto-exploring this place.
 F = Levels seen in this place.
 G = Mean time per level.
                   A        B        C        D        E       F      G
               +--------+--------+--------+--------+--------+-----+--------+
         Total |   5550 |   5439 |    111 |   1830 |   2923 |   5 | 1110.0 |
       Dungeon |   5430 |   5332 |     98 |   1830 |   2822 |   4 | 1357.5 |
        Temple |    120 |    107 |     13 |      0 |    100 |   1 |  120.0 |
               +--------+--------+--------+--------+--------+-----+--------+

Top non-repeatable levels by time:
     D:2: 2426 daAuts
     D:1: 1492 daAuts
     D:3: 1194 daAuts
     D:4: 317 daAuts
  Temple: 120 daAuts
